 Dungeon Crawl Stone Soup version 0.29-a0-384-g6960b1960d (webtiles) character file.

Game seed: 3000361666323335959

46 zishaf the Magician (level 3, 0/27 HPs)
             Began as a Djinni Venom Mage on May 6, 2022.
             Was a Follower of Qazlal.
             Slain by Terence
             ... wielding a +0 mace
              (2 damage)
             ... on level 2 of the Dungeon.
             The game lasted 00:02:37 (1958 turns).

zishaf the Magician (Djinni Venom Mage)             Turns: 1958, Time: 00:02:38

Health: 0/27       AC:  2    Str:  7    XL:     3   Next: 92%
Gold:   64         EV: 12    Int: 18    God:    Qazlal [*.....] SH:  2 Dex: 13

rFire   + + .      SeeInvis .   b - +0 dagger
rCold   x . .      Faith    .   (no shield)
rNeg    . . .      Spirit   .   a - +0 robe
rPois   ∞          Reflect  .   (no helmet)
rElec   .          Harm     .   (no cloak)
rCorr   .          Rampage  .   (no gloves)
Will    .....                   (boots unavailable)
Stlth   ++........              (no amulet)
HPRegen 0.09/turn               (no ring)
MPRegen 0.00/turn               (no ring)

@: flying
A: sickness immunity, fire resistance 2, cold vulnerability 1, float, innate
caster, HP casting, extra vitality 1
a: Renounce Religion


You were on level 2 of the Dungeon.
You worshipped Qazlal.
Qazlal was aware of your devotion.
You visited 1 branch of the dungeon, and saw 2 of its levels.

You collected 64 gold pieces.

Inventory:

Hand Weapons
 b - a +0 dagger (weapon)
Armour
 a - a +0 robe (worn)
Potions
 c - a potion of magic {unknown}
 d - a potion of heal wounds {unknown}
 e - a potion of attraction {unknown}
 f - a potion of resistance
 g - a potion of curing {unknown}


   Skills:
 + Level 1.5 Fighting
 - Level 2.1 Dodging
 - Level 1.5 Stealth
 * Level 3.2 Spellcasting


You couldn't memorise any spells.
You knew the following spells:

 Your Spells              Type           Power      Damage    Failure   Level
a - Sting                 Tmut/Pois      56%        1d5       4%          1
b - Poisonous Vapours     Pois/Air       28%        N/A       6%          2
c - Mephitic Cloud        Conj/Pois/Air  14%        N/A       13%         3
d - Olgreb's Toxic Radia  Pois           14%        N/A       38%         4
e - Magic Dart            Conj           56%        1d5       4%          1
Your spell library was empty.

Dungeon Overview and Level Annotations

Branches:
Dungeon (2/15)

Altars:
Qazlal

Shops:
D:1 (

Annotations:
D:2 Terence


Innate Abilities, Weirdness & Mutations

You are immune to sickness and miasma.
You are immune to poison.
Your flesh is very heat resistant. (rF++)
You are vulnerable to cold. (rC-)
You float through the air rather than walking.
You learn spells naturally, not from books.
Your magical power is your life essence.
You have superior vitality. (+4 MHP)


Message History

Confirm with . or Enter, or press ? or * to list all spells.
Aiming: Magic Dart (safe; 4% risk of failure)
Press: ? - help, Shift-Dir - straight line, f/p - Terence
Aim: Terence, wielding a +0 mace, wearing a +0 chain mail and carrying a wand of digging (2) (severely wounded, unusually resistant, 100% to hit)
The magic dart hits Terence but does no damage.
Terence is severely wounded.
Casting: Magic Dart (safe; 4% risk of failure)
Confirm with . or Enter, or press ? or * to list all spells.
Aiming: Magic Dart (safe; 4% risk of failure)
Press: ? - help, Shift-Dir - straight line, f/p - Terence
Aim: Terence, wielding a +0 mace, wearing a +0 chain mail and carrying a wand of digging (2) (severely wounded, unusually resistant, 100% to hit)
The magic dart hits Terence but does no damage.
Terence is severely wounded.
Casting: Magic Dart (safe; 4% risk of failure)
Confirm with . or Enter, or press ? or * to list all spells.
Aiming: Magic Dart (safe; 4% risk of failure)
Press: ? - help, Shift-Dir - straight line, f/p - Terence
Aim: Terence, wielding a +0 mace, wearing a +0 chain mail and carrying a wand of digging (2) (severely wounded, unusually resistant, 100% to hit)
The magic dart hits Terence.
Terence is severely wounded.
Terence hits you with a +0 mace.
* * * LOW HITPOINT WARNING * * *
Casting: Magic Dart (safe; 4% risk of failure)
Confirm with . or Enter, or press ? or * to list all spells.
You can't see any susceptible monsters within range! (Use Z to cast anyway.)
Casting: Magic Dart (safe; 4% risk of failure)
Confirm with . or Enter, or press ? or * to list all spells.
You can't see any susceptible monsters within range! (Use Z to cast anyway.) Unknown command.
You hit Terence but do no damage.
Terence is severely wounded.
Terence completely misses you.
You hit Terence but do no damage.
Terence is severely wounded.
Terence hits you with a +0 mace.
* * * LOW HITPOINT WARNING * * *
You hit Terence but do no damage.
Terence is severely wounded.
Terence hits you with a +0 mace.
You die...

≈≈≈≈ ≈P....### .P♣♣♣
≈≈P##....# #≈≈≈♣♣≈≈≈P#....#
##PP≈≈≈≈P# #....#
...PPPP.<###....#######
...............†.....>#
#.##.########.##....###
#.##.#....# #.##....#
######### #.##.#....#
#.##@@..# #..=.....
#.##.#....###.##....##
#........
..............##.....#
#..######
#....#....######....#.###.##
.....#....# +..........#
##...#....# #.....##.###
#...###### #.....#...# #...#
#####...#.# #...# #.#. ..


You could see Terence (resistant).

Vanquished Creatures
  An adder (D:2)
  A worm (D:2)
  2 dart slugs
  A ball python (D:2)
  A bat (D:1)
  4 endoplasms (D:1)
  4 goblins
  3 hobgoblins (D:1)
  2 quokkas (D:1)
  2 frilled lizards
  3 kobolds
  5 rats
29 creatures vanquished.

Vanquished Creatures (others)
  2 plants (D:2)
2 creatures vanquished.

Grand Total: 31 creatures vanquished

Notes
Turn   | Place    | Note
-------+----------+-------------------------------------------
     0 | D:1      | zishaf the Djinni Venom Mage began the quest for the Orb.
     0 | D:1      | Reached XP level 1. HP: 15/15 MP: 0/0
   256 | D:1      | Reached XP level 2. HP: 14/22 MP: 0/0
   907 | D:1      | Reached skill level 1 in Fighting
   989 | D:1      | Found Essomuth's Weapon Shop.
  1104 | D:1      | Reached XP level 3. HP: 25/27 MP: 0/0
  1104 | D:1      | Learned a level 1 spell: Magic Dart
  1204 | D:1      | Reached skill level 3 in Spellcasting
  1290 | D:1      | Found a faded altar of an unknown god.
  1296 | D:1      | Prayed at the altar of an unknown god.
  1296 | D:1      | Became a worshipper of Qazlal Stormbringer
  1296 | D:1      | Reached * piety under Qazlal
  1930 | D:2      | Noticed Terence
  1958 | D:2      | Slain by Terence

Illustrated notes

Levels and vault maps discovered:
D:1:      kilobyte_arrival_exit_the_forest, layout_basic, serial_shops,
          nicolae_shop_temple_entry_statues_fountains, serial_corexii_hall,
          corexii_hall_statues_x, corexii_hall_statues_l,
          chequers_hall_statues_wall_a, chequers_hall_statues_y,
          chequers_hall_statues_corner_a, chequers_hall_statues_y,
          ebering_ecumenical_altar_ruins, wad_floor_pattern_untrapped,
          serial_bayou_pond_e, patterned_corridor
D:2:      layout_basic, serial_bayou, serial_bayou_lagoon_b,
          serial_bayou_shore_a, serial_bayou_ford_a, serial_bayou_pond_c,
          minivault_19, kennysheep_minor_cross,
          hangedman_abyss_or_decor_lesser_grid, uniq_terence

Skill      XL: |  1  2  3 |
---------------+----------+-----
Fighting       | 1 |  1.5
Spellcasting   | 3 |  3.2
Dodging        | |  2.1
Stealth        | |  1.5

Action                   || total
-------------------------++-------
Melee: Dagger            ||    10
 Cast: Sting             ||    54
       Magic Dart        ||     4
       Poisonous Vapours ||     1
 Stab: Sleeping          ||     1
Armor: Robe              ||     1
Dodge: Dodged            ||    16
Block: Other             ||     3

Table legend: (Time is in decaauts)
 A = Elapsed time spent in this place.
 B = Non-inter-level travel time spent in this place.
 C = Inter-level travel time spent in this place.
 D = Time resting spent in this place.
 E = Time spent auto-exploring this place.
 F = Levels seen in this place.
 G = Mean time per level.
                   A        B        C        D        E       F      G
               +--------+--------+--------+--------+--------+-----+--------+
         Total |   1957 |   1929 |     28 |    127 |   1598 |   2 |  978.5 |
       Dungeon |   1957 |   1929 |     28 |    127 |   1598 |   2 |  978.5 |
               +--------+--------+--------+--------+--------+-----+--------+

Top non-repeatable levels by time:
     D:1: 1547 daAuts
     D:2: 409 daAuts
